 Dungeon Crawl Stone Soup version 0.32-a0-818-gb728d0252e (webtiles) character file.

Game seed: 7049714733779474092

100936 croobank the Scholar of Death (level 16, 0/122 HPs)
             Began as a Human Summoner on Mar 24, 2024.
             Was a Follower of Kikubaaqudgha.
             Slain by a rockslime (66 damage)
             ... on level 5 of the Pits of Slime.
             The game lasted 02:11:51 (26115 turns).

croobank the Scholar of Death (Human Summoner)     Turns: 26115, Time: 02:11:51

Health: 0/122      AC: 11    Str:  9    XL:     16   Next: 29%
Magic:  24/30      EV: 18    Int: 21    God:    Kikubaaqudgha [*.....]
Gold:   1582       SH:  0    Dex: 14    Spells: 3/36 levels left

rFire   . . .        O - +5 scimitar (flame)
rCold   . . .        (no shield)
rNeg    . . .        V - +3 leather armour {rPois}
rPois   +            g - +1 helmet
rElec   .            y - +0 cloak
rCorr   +            u - +0 pair of gloves
SInv    .            U - +2 pair of boots
Will    +....        N - amulet of magic regeneration
Stlth   +++          c - ring of resist corrosion
HPRegen 0.40/turn    m - +5 ring of evasion
MPRegen 0.62/turn

%: no passive effects
@: death channelling, corroded, fragile (+50% incoming damage)
A: explore regen, deformed body, dopey 1
a: Renounce Religion, Unearth Wretches


You were on level 5 of the Pits of Slime.
You worshipped Kikubaaqudgha.
Kikubaaqudgha was aware of your devotion.
You visited 5 branches of the dungeon, and saw 25 of its levels.

You collected 2300 gold pieces.
You spent 718 gold pieces at shops.

Inventory:

Hand Weapons
 k - a +3 dagger
 r - a +0 short sword of holy wrath
 s - a +2 dagger of electrocution
 H - a +5 trident of freezing
 J - the +7 falchion of the Penguin {drain, *Corrode +Blink MP+9}
   (You bought it in a shop on level 2 of the Dungeon)

   MP+9:      It affects your magic capacity (+9).
   +Blink:    It lets you blink.
   *Corrode:  It may corrode you when you take damage.
 K - the +1 long sword of Kigajid {holy, Int+4}
   (You bought it in a shop on level 2 of the Dungeon)

   Int+4:     It affects your intelligence (+4).
 O - a +5 scimitar of flaming (weapon)
Missiles
 C - 5 atropa-tipped darts
Armour
 g - a +1 helmet (worn)
 o - an orb of mayhem
 u - a +0 pair of gloves (worn)
 y - a +0 cloak (worn)
 z - the +1 ring mail of the Earth {rElec rN+ Str+3}
   (You found it on level 1 of the Lair of Beasts)

   Str+3:     It affects your strength (+3).
   rElec:     It insulates you from electricity.
   rN+:       It protects you from negative energy.
 F - a +0 kite shield
 U - a +2 pair of boots (worn)
 V - a +3 leather armour of poison resistance (worn)
Magical Staves
 E - a staff of fire
Jewellery
 a - an amulet of regeneration
 c - a ring of resist corrosion (left hand)
 l - a ring of ice
 m - a +5 ring of evasion (right hand)
 n - an amulet of reflection
 A - a ring of see invisible
 I - a +5 ring of evasion
 N - an amulet of magic regeneration (around neck)
 W - a ring of ice
Wands
 t - a wand of roots (24)
 w - a wand of digging (3)
 x - a wand of charming (23)
 B - a wand of flame (33)
 Q - a wand of mindburst (5)
 Z - a wand of polymorph (13)
Scrolls
 d - 2 scrolls of teleportation
 p - a scroll of identify
 q - 4 scrolls of blinking
 v - 3 scrolls of immolation
 M - 2 scrolls of poison
 R - 5 scrolls of amnesia
 S - a scroll of noise
 Y - a scroll of vulnerability
Potions
 b - 3 potions of attraction
 e - a potion of curing
 f - a potion of mutation
 h - a potion of ambrosia
 i - 4 potions of heal wounds
 j - 6 potions of brilliance
 D - a potion of berserk rage
 G - 2 potions of might
 L - 2 potions of lignification
 P - a potion of cancellation
 T - a potion of haste


   Skills:
 - Level 10.0 Fighting
 - Level 10.6(11.5) Short Blades
 - Level 7.2(10.0) Long Blades
 - Level 5.0 Armour
 - Level 6.1 Dodging
 - Level 6.6 Stealth
 + Level 10.5 Spellcasting
 + Level 10.5 Summonings
 * Level 13.7 Necromancy
 - Level 5.0 Translocations
 - Level 5.0 Fire Magic
 - Level 7.0 Air Magic


You had 3 spell levels left.
You knew the following spells:

 Your Spells              Type           Power      Damage    Failure   Level
a - Summon Small Mammal   Summ           100%       N/A       1%          1
b - Call Imp              Summ           100%       N/A       1%          2
c - Call Canine Familiar  Summ           53%        N/A       1%          3
d - Summon Blazeheart Go  Fire/Summ      43%        N/A       3%          4
e - Summon Lightning Spi  Summ/Air       47%        N/A       2%          4
f - Blink                 Tloc           64%        N/A       1%          2
A - Animate Dead          Necr           62%        N/A       1%          4
D - Death Channel         Necr           31%        N/A       4%          6
H - Haunt                 Necr/Summ      29%        N/A       43%         7

Your spell library contained the following spells:

 Spells                   Type           Power      Damage    Failure   Level
 Kiss of Death            Conj/Necr      100%       2d13      1%          1
 Necrotise                Necr           100%       1d9       1%          1
 Shock                    Conj/Air       100%       1d9       1%          1
 Cigotuvi's Dreadful Rot  Necr/Alch/Air  80%        N/A       1%          2
 Swiftness                Air            40%        N/A       1%          3
 Vampiric Draining        Necr           62%        2d10      1%          3
 Mercury Vapours          Alch/Air       50%        N/A       3%          2
 Volatile Blastmotes      Fire/Tloc      64%        2d15      3%          3
 Magic Dart               Conj           44%        1d5       9%          1
 Slow                     Hex            44%        N/A       9%          1
 Sting                    Conj/Alch      44%        1d5       9%          1
 Mephitic Cloud           Conj/Alch/Air  20%        N/A       10%         3
 Confusing Touch          Hex            11%        N/A       24%         3
 Dazzling Flash           Conj/Hex       22%        N/A       24%         3
 Dispel Undead            Necr           62%        3d22      1%          4
 Martyr's Knell           Necr/Summ      58%        N/A       1%          4
 Curse of Agony           Necr           62%        N/A       1%          5
 Airstrike                Air            20%        2d(3-19)  4%          4
 Animate Armour           Summ/Erth      66%        N/A       9%          4
 Borgnjor's Vile Clutch   Necr/Erth      19%        N/A       14%         5
 Iskenderun's Mystic Bla  Conj/Tloc      21%        2d6       28%         4
 Silence                  Hex/Air        12%        N/A       47%         5
 Fulminant Prism          Conj/Alch      5%         3d7       63%         4
 Leda's Liquefaction      Alch/Erth      5%         N/A       63%         4
 Olgreb's Toxic Radiance  Alch           11%        N/A       63%         4
 Freezing Cloud           Conj/Ice/Air   10%        6-21      65%         5
 Borgnjor's Revivificati  Necr           31%        N/A       88%         8
 Infestation              Necr           31%        N/A       88%         8
 Lee's Rapid Deconstruct  Erth           5%         3d6*      92%         5
 Conjure Ball Lightning   Conj/Air       12%        3x3d6     96%         6
 Permafrost Eruption      Ice/Erth       5%         2x4d3     100%        6
 Ozocubu's Refrigeration  Ice            5%         4d8       100%        7
 Discord                  Hex            5%         N/A       100%        8
 Disjunction              Tloc           16%        N/A       100%        8
 Death's Door             Necr           31%        N/A       100%        9


Dungeon Overview and Level Annotations

Branches:
Dungeon (12/15)            Temple (1/1) D:6            Lair (5/5) D:10
 Shoals (0/4) Lair:2        Snake (0/4) Lair:2        Slime (5/5) Lair:5
    Orc (2/2) D:11            Elf (0/3) Orc:2

Altars:
Ashenzari
Cheibriados
Dithmenos
Elyvilon
Fedhas
Gozag
Hepliaklqana
Kikubaaqudgha
Makhleb
Nemelex Xobeh
Okawaru
Qazlal
Ru
Sif Muna
Trog
Uskayaw
Vehumet
Wu Jian
Xom
Yredelemnul
Zin
The Shining One
Beogh
Jiyva

Shops:
D:2 (   D:8 (   D:10 [   Orc:1 :   Orc:2 **

Annotations:
Lair:3 2 transporters
Slime:5 Royal Jelly


Innate Abilities, Weirdness & Mutations

You regain HP and MP as you explore.
Armour fits poorly on your strangely shaped body.
You are dopey. (Int -2)


Message History

The azure jelly quivers.
Kikubaaqudgha calls piteous wretches from the earth!
An acid blob comes into view.
Your spectral rockslime hits the rockslime but does no damage.
Your spectral acid blob hits the quicksilver ooze but does no damage.
The rockslime hits your spectral rockslime!!
Your spectral rockslime holds its ground!
The glass eye gazes at you.
You feel your fragility will last longer.
The acid blob spits acid at you.
The splash of acid hits your spectral rockslime.
The acid corrodes your spectral rockslime!
You swap places.
Found four items.
The acid blob spits acid at you. The splash of acid hits you! You resist.
The acid corrodes you!
Your spectral rockslime hits the acid blob!
The acid blob stumbles backwards!
The acid blob hits your spectral rockslime.
Your spectral rockslime is splashed with acid.
Your spectral rockslime seems to be corroded for longer.
Your spectral slime creature hits the azure jelly but does no damage.
A slime creature comes into view.
The slime creature quivers.
A slime creature comes into view.
The slime creature quivers.
Kikubaaqudgha calls piteous wretches from the earth!
Kikubaaqudgha will no longer protect you from necromantic miscasts or death curses.
A slime creature comes into view.
A nearby azure jelly perishes wretchedly.
The quicksilver ooze hits your spectral azure jelly!!
The quicksilver ooze hits your spectral azure jelly.
Your spectral rockslime hits the acid blob.
The acid blob stumbles backwards!
Your spectral acid blob hits the quicksilver ooze!!
The quicksilver ooze dies!
Kikubaaqudgha accepts your kill.
A glowing mist starts to gather...
The rockslime hits you!!!
Ouch! That really hurt!
You die...
Kikubaaqudgha rasps: You have failed me!
Welcome... death!

...
............... .#
................ .
..
..........G....##
..###
#............J#.#!
#.#=:
#............#..#/
.##|φ
#......J.J...#.#
#J#!/
##.......JJ....###
..###
#.......J.@.J.....
.#..
.......ZGZJJ.....#
...#.
...........Z....#.
....#
.......Z.Z......#
.####
......J....Z....#/
.#)=
...............##!
.#|$
................#
.#.#?)
................#
#..####
................
#.....#


You could see 3 acid blobs, 2 azure jellies, a great orb of eyes, 3 slime
creatures, 2 rockslimes, a glass eye (ally target), 2 friendly spectral azure
jellies, a friendly spectral acid blob, a friendly spectral slime creature, a
friendly spectral rockslime (corroded) and a friendly spectral quicksilver ooze.

Vanquished Creatures
  2 acid blobs
  3 rockslimes
  2 azure jellies
  Snorg (Orc:2)
  A fire dragon (Lair:5)
  The ghost of Xocasifu the Cleaver, a journeyman CoGl of Hepliaklqana (Lair:1)
  An ice dragon (Lair:5)
  2 hydras
  A boulder beetle (Lair:2)
  Erica (D:10)
  A catoblepas (Lair:2)
  2 two-headed ogres (D:10)
  A death yak (Lair:4)
  Amaemon (D:10)
  4 skysharks
  2 skeletal warriors (D:12)
  A swamp dragon (Lair:5)
  3 orc knights
  A deep elf pyromancer (D:12)
  2 ugly things
  A manticore (D:12)
  A kobold blastminer (Orc:2)
  A salamander (Lair:2)
  9 elephants
  The ghost of croobank the Ducker, a novice FeMo of Kikubaaqudgha (D:7)
  3 black mambas
  An orange demon (D:10)
  3 torpor snails
  Jeremiah (D:9)
  9 cane toads
  A rime drake (Lair:2)
  8 komodo dragons
  2 trolls
  3 hornets
  3 tyrant leeches (Lair:5)
  3 blink frogs (Lair:4)
  4 slime creatures
  A shadow (D:11)
  3 wyverns
  2 wraiths
  2 wargs (Orc:1)
  15 yaks
  2 basilisks (Lair:2)
  5 vampire mosquitoes (Lair:1)
  2 acid dragons
  4 water moccasins
  A skyshark zombie (Lair:4)
  A cane toad zombie (Lair:2)
  18 orc warriors
  2 ice beasts
  Duvessa (D:5)
  A black bear (D:10)
  5 swamp drakes
  3 ogres (Orc:1)
  7 centaurs
  2 phantoms (D:11)
  3 nameless horrors
  A kobold brigand (D:8)
  11 bullfrogs
  A scorpion (D:10)
  3 gnoll sergeants
  A komodo dragon zombie (Lair:5)
  3 water moccasin zombies
  4 wights
  6 yak zombies
  7 killer bees
  2 troll zombies (D:11)
  An electric eel (Lair:2)
  3 howler monkeys (D:7)
  A basilisk zombie (Lair:2)
  7 orc priests
  A hound (D:4)
  2 sleepcaps
  An iguana (Lair:5)
  7 orc wizards
  An ogre zombie (D:11)
  4 gnolls
  An adder (D:6)
  A river rat (D:5)
  2 swamp drake zombies (Lair:1)
  2 white imps
  An iguana zombie (Lair:5)
  A dart slug (D:4)
  A ribbon worm (D:2)
  29 orcs
  3 bats
  3 endoplasms
  2 gnoll zombies
  3 goblins
  4 hobgoblins
  2 jackals (D:1)
  6 kobolds
  2 quokkas
  3 ball pythons
  4 frilled lizards
  2 gnoll skeletons (D:11)
  3 orc skeletons (D:11)
  13 orc zombies
  4 rats
326 creatures vanquished.

Vanquished Creatures (collateral kills)
  10 acid blobs
  4 azure jellies
  4 rockslimes
  7 quicksilver oozes
  4 formless jellyfish
  2 great orbs of eyes (Slime:3)
  A catoblepas (Lair:2)
  A two-headed ogre (D:10)
  Sonja (Lair:4)
  A sun demon (Orc:2)
  2 skysharks
  A lindwurm (Lair:5)
  A cyclops (D:12)
  A manticore (D:11)
  2 orc sorcerers (Orc:1)
  3 shining eyes
  6 elephants
  A merfolk siren (Lair:2)
  3 torpor snails (Lair:5)
  4 cane toads
  An eye of devastation (Slime:2)
  2 rime drakes
  4 komodo dragons
  Psyche (D:8)
  A polar bear (Lair:4)
  A tyrant leech (Lair:5)
  4 hornets (Lair:5)
  13 dream sheep (Lair:5)
  2 blink frogs (Lair:4)
  3 wyverns
  58 slime creatures
  17 golden eyes
  6 basilisks
  2 steam dragons
  10 yaks
  4 acid dragons
  10 water moccasins
  2 orc warriors
  A swamp drake (Lair:5)
  5 black bears
  A sky beast (D:7)
  An ice beast (D:7)
  3 ogres
  2 phantoms
  3 centaurs
  A kobold brigand (D:10)
  5 bullfrogs
  2 gnoll sergeants
  7 wights
  Dowan (D:5)
  8 killer bees
  6 howler monkeys
  4 lava snakes (Lair:2)
  2 bombardier beetles
  9 orc priests
  3 jellies
  5 iguanas
  7 orc wizards
  2 ogre zombies (D:11)
  15 gnolls
  Robin (D:2)
  3 adders
  A shadow imp (D:6)
  A white imp (D:7)
  An ufetubus (D:6)
  2 dart slugs
  27 orcs
  3 ball pythons
  2 endoplasms (D:1)
  3 giant cockroaches
  14 goblins
  9 hobgoblins
  3 jackals (D:1)
  11 kobolds
  2 quokkas (D:1)
  A bat (D:1)
  An orc skeleton (D:11)
  7 orc zombies
  4 rats
389 creatures vanquished.

Vanquished Creatures (others)
  12 acid blobs
  4 azure jellies
  3 rockslimes
  A formless jellyfish (Slime:4)
  A rockslime zombie (Slime:5)
  2 quicksilver oozes
  8 acid blob zombies
  2 great orbs of eyes
  3 quicksilver ooze zombies
  3 azure jelly zombies
  4 formless jellyfish zombies
  A kobold blastminer (Orc:2)
  3 great orb of eyes zombies
  20 slime creatures
  A tyrant leech zombie (Lair:5)
  21 slime creature zombies
  A warg (Orc:2)
  2 cane toad zombies
  A lindwurm zombie (Lair:5)
  3 elephant zombies (Lair:5)
  A hornet zombie (Lair:5)
  6 dream sheep zombies (Lair:5)
  An ogre (Orc:2)
  2 blink frog zombies (Lair:4)
  2 torpor snail zombies (Lair:5)
  A komodo dragon zombie (Lair:4)
  A warg zombie (Orc:1)
  A wyvern zombie (Lair:1)
  2 water moccasin zombies
  2 troll zombies
  4 yak zombies
  2 bullfrog zombies
  An ogre zombie (Orc:2)
  A howler monkey zombie (D:9)
  14 orc zombies
  97 blazeheart cores
234 creatures vanquished.

Grand Total: 949 creatures vanquished

Notes
Turn   | Place    | Note
-------+----------+-------------------------------------------
     0 | D:1      | croobank the Human Summoner began the quest for the Orb.
     0 | D:1      | Reached XP level 1. HP: 13/13 MP: 3/3
    78 | D:1      | Reached XP level 2. HP: 20/20 MP: 1/5
    81 | D:1      | Learned a level 2 spell: Call Imp
   392 | D:1      | Reached XP level 3. HP: 21/25 MP: 1/6
   396 | D:1      | Learned a level 3 spell: Call Canine Familiar
   696 | D:1      | Reached skill level 1 in Fighting
   995 | D:1      | Found a faded altar of an unknown god.
  1528 | D:2      | Reached XP level 4. HP: 29/32 MP: 0/7
  1562 | D:2      | Noticed Robin
  1582 | D:2      | Killed Robin
  1733 | D:2      | Found an ornate altar of the Wu Jian Council.
  1789 | D:2      | Found Iroliduc's Antique Weapon Emporium.
  2280 | D:3      | Found a glowing silver altar of Zin.
  2281 | D:3      | Found a white marble altar of Elyvilon.
  2282 | D:3      | Found a glowing golden altar of the Shining One.
  2774 | D:4      | Noticed a black bear
  2788 | D:4      | Killed a black bear
  2789 | D:4      | Reached XP level 5. HP: 27/38 MP: 0/9
  2796 | D:4      | Reached XP level 6. HP: 33/44 MP: 1/10
  3442 | D:5      | Entered Level 5 of the Dungeon
  3502 | D:5      | Learned a level 4 spell: Summon Blazeheart Golem
  3645 | D:5      | Noticed Dowan
  3646 | D:5      | Noticed Duvessa
  3653 | D:5      | Killed Dowan
  3657 | D:5      | Killed Duvessa
  3658 | D:5      | Reached skill level 5 in Summonings
  3658 | D:5      | Reached skill level 1 in Fire Magic
  3658 | D:5      | Reached XP level 7. HP: 51/51 MP: 7/12
  3686 | D:5      | Noticed a nameless horror
  3695 | D:5      | Killed a nameless horror
  4541 | D:6      | Reached XP level 8. HP: 54/58 MP: 9/13
  4570 | D:6      | Found a shimmering altar of Xom.
  4893 | D:6      | Reached skill level 5 in Stealth
  4981 | D:6      | Learned a level 4 spell: Summon Lightning Spire
  5275 | D:6      | Reached skill level 1 in Air Magic
  5419 | D:6      | Found a staircase to the Ecumenical Temple.
  5433 | D:6      | Reached XP level 9. HP: 65/65 MP: 9/15
  5913 | D:7      | Reached skill level 5 in Dodging
  6405 | Temple   | Entered the Ecumenical Temple
  6426 | Temple   | Became a worshipper of Kikubaaqudgha
  6486 | D:7      | Found a runed translucent gate.
  6486 | D:7      | Found a runed translucent gate.
  6486 | D:7      | Found a runed translucent gate.
  6488 | D:7      | Noticed croobank's ghost (novice FeMo)
  6537 | D:7      | Noticed a hornet
  6543 | D:7      | Killed a hornet
  6581 | D:7      | Killed croobank's ghost
  6582 | D:7      | Reached skill level 5 in Fighting
  6582 | D:7      | Reached skill level 5 in Spellcasting
  6582 | D:7      | Reached skill level 5 in Fire Magic
  6625 | D:7      | Reached XP level 10. HP: 34/74 MP: 2/17
  7935 | D:8      | Reached skill level 1 in Necromancy
  8403 | D:8      | Noticed Psyche
  8415 | D:8      | Killed Psyche
  8416 | D:8      | Reached skill level 5 in Air Magic
  8486 | D:8      | Reached * piety under Kikubaaqudgha
  8486 | D:8      | Received a gift from Kikubaaqudgha
  8492 | D:8      | Learned a level 4 spell: Animate Dead
  8538 | D:8      | Found an iron altar of Okawaru.
  9005 | D:8      | Found Kugis's Weapon Emporium.
  9139 | D:2      | Bought a bloodstained falchion for 216 gold pieces
  9139 | D:2      | Identified the +7 falchion of the Penguin {drain, *Corrode
                  | +Blink MP+9} (You bought it in a shop on level 2 of the
                  | Dungeon)
  9139 | D:2      | Bought a pitted long sword for 229 gold pieces
  9139 | D:2      | Identified the +1 long sword of Kigajid {holy, Int+4} (You
                  | bought it in a shop on level 2 of the Dungeon)
  9528 | D:9      | Reached skill level 1 in Short Blades
  9533 | D:9      | Noticed Jeremiah
  9559 | D:9      | Killed Jeremiah
  9743 | D:9      | Reached skill level 5 in Short Blades
  9754 | D:9      | Reached XP level 11. HP: 78/81 MP: 8/19
 10458 | D:10     | Entered Level 10 of the Dungeon
 10458 | D:10     | Found Ekaor's Armour Boutique.
 10549 | D:10     | You fall into a shaft and drop 1 floor!
 10594 | D:11     | Reached ** piety under Kikubaaqudgha
 10765 | D:10     | Noticed Amaemon
 10775 | D:10     | Noticed Erica
 10776 | D:10     | Killed Amaemon
 10788 | D:10     | Killed Erica
 10890 | D:10     | Found a staircase to the Lair.
 10916 | D:10     | Noticed a two-headed ogre
 10917 | D:10     | Noticed a two-headed ogre
 10928 | D:10     | Killed a two-headed ogre
 10929 | D:10     | Reached skill level 10 in Short Blades
 10935 | D:10     | Killed a two-headed ogre
 10935 | D:10     | Reached *** piety under Kikubaaqudgha
 10935 | D:10     | Received a gift from Kikubaaqudgha
 11087 | D:10     | Noticed a two-headed ogre
 11107 | D:10     | Killed a two-headed ogre
 11108 | D:10     | Reached skill level 1 in Long Blades
 11157 | D:10     | Reached XP level 12. HP: 84/87 MP: 10/21
 11205 | D:10     | Found a sparkling altar of Nemelex Xobeh.
 12289 | D:11     | Found a staircase to the Orcish Mines.
 13011 | D:10     | Bought a +3 leather armour of poison resistance for 273
                  | gold pieces
 13369 | D:12     | Reached **** piety under Kikubaaqudgha
 13373 | D:12     | Reached skill level 2 in Necromancy
 13462 | D:12     | Reached skill level 1 in Armour
 13606 | D:12     | HP: 2/87 [deep elf pyromancer/bolt of fire (39)]
 14202 | Lair:1   | Entered Level 1 of the Lair of Beasts
 14247 | Lair:1   | Reached skill level 3 in Necromancy
 14563 | Lair:1   | Reached skill level 5 in Long Blades
 14605 | Lair:1   | Reached ***** piety under Kikubaaqudgha
 14626 | Lair:1   | Reached XP level 13. HP: 95/95 MP: 12/26
 14788 | Lair:1   | Found a large runed translucent door.
 14788 | Lair:1   | Found a large runed translucent door.
 14792 | Lair:1   | Noticed Xocasifu's ghost (journeyman CoGl)
 15128 | Lair:1   | Killed Xocasifu's ghost
 15129 | Lair:1   | Reached skill level 4 in Necromancy
 15140 | Lair:1   | Identified the +1 ring mail of the Earth {rElec rN+ Str+3}
 15319 | Lair:2   | Found a staircase to the Shoals.
 15591 | Lair:2   | You fall into a shaft and drop 1 floor!
 15854 | Lair:2   | Found a staircase to the Snake Pit.
 16122 | Lair:2   | Reached skill level 5 in Necromancy
 16639 | Lair:3   | Found a transporter.
 17079 | Lair:3   | Found a transporter.
 17801 | Lair:4   | Noticed Sonja
 17808 | Lair:4   | Killed Sonja
 17809 | Lair:4   | Reached skill level 5 in Armour
 18416 | Lair:4   | Reached XP level 14. HP: 81/105 MP: 23/27
 18417 | Lair:4   | Reached skill level 6 in Necromancy
 18493 | Lair:4   | Reached skill level 10 in Spellcasting
 19172 | Lair:5   | Entered Level 5 of the Lair of Beasts
 19201 | Lair:5   | Found a staircase to the Slime Pits.
 19635 | Lair:5   | Reached skill level 7 in Necromancy
 19713 | Lair:5   | Learned a level 2 spell: Blink
 20045 | Lair:5   | Reached ****** piety under Kikubaaqudgha
 20046 | Lair:5   | Reached skill level 1 in Translocations
 20769 | Lair:5   | Identified the +6 chain mail of the Evening Star {^Contam
                  | rN++ Stlth+}
 21767 | Lair:5   | Received a gift from Kikubaaqudgha (forbidden knowledge)
 22123 | Orc:1    | Entered Level 1 of the Orcish Mines
 22131 | Orc:1    | Learned a level 6 spell: Death Channel
 22239 | Orc:1    | Paralysed by an orc sorcerer for 4 turns
 22267 | Orc:1    | Reached skill level 8 in Necromancy
 22489 | Orc:1    | Found a roughly hewn altar of Beogh.
 22525 | Orc:2    | Entered Level 2 of the Orcish Mines
 22535 | Orc:2    | Found a staircase to the Elven Halls.
 22573 | Orc:1    | Found Pomuc's Book Emporium.
 22866 | Orc:2    | Found Vuen's General Store.
 22867 | Orc:2    | Found Apaxuxiu's General Store.
 23009 | Orc:2    | Reached skill level 10 in Fighting
 23009 | Orc:2    | Reached XP level 15. HP: 115/115 MP: 23/29
 23171 | Orc:2    | Noticed Snorg
 23193 | Orc:2    | Killed Snorg
 23378 | Orc:2    | Your ally Snorg died
 23838 | Slime:1  | Entered Level 1 of the Pits of Slime
 23841 | Slime:1  | Noticed a rockslime
 23844 | Slime:1  | Gained mutation: Armour fits poorly on your strangely
                  | shaped body. [a shining eye]
 23848 | Slime:1  | Noticed an acid blob
 23855 | Slime:1  | Killed an acid blob
 23856 | Slime:1  | Reached skill level 9 in Necromancy
 23875 | Slime:1  | Noticed an acid blob
 23885 | Slime:1  | Noticed an azure jelly
 23891 | Slime:1  | Killed an acid blob
 23892 | Slime:1  | Reached skill level 10 in Summonings
 23892 | Slime:1  | Killed an azure jelly
 24011 | Slime:1  | Noticed a rockslime
 24018 | Slime:1  | Killed a rockslime
 24019 | Slime:1  | Reached skill level 10 in Necromancy
 24019 | Slime:1  | Reached skill level 5 in Translocations
 24605 | Slime:2  | Noticed an acid blob
 24620 | Slime:2  | Killed an acid blob
 24769 | Slime:3  | Noticed an acid blob
 24780 | Slime:3  | Killed an acid blob
 24795 | Slime:3  | Noticed an acid blob
 24811 | Slime:3  | Reached skill level 11 in Necromancy
 24915 | Slime:3  | Noticed an azure jelly
 24923 | Slime:3  | Killed an azure jelly
 24924 | Slime:3  | Gained mutation: You are dopey. (Int -2) [a shining eye]
 24957 | Slime:3  | Reached skill level 12 in Necromancy
 25200 | Slime:3  | Noticed a rockslime
 25212 | Slime:3  | Learned a level 7 spell: Haunt
 25226 | Slime:3  | Killed a rockslime
 25569 | Slime:4  | Noticed an azure jelly
 25577 | Slime:4  | Killed an azure jelly
 25676 | Slime:4  | Noticed a rockslime
 25686 | Slime:4  | Killed a rockslime
 25727 | Slime:4  | Noticed an acid blob
 25739 | Slime:4  | Reached skill level 13 in Necromancy
 25739 | Slime:4  | Reached XP level 16. HP: 122/122 MP: 30/30
 25739 | Slime:4  | Killed an acid blob
 25949 | Slime:5  | Entered Level 5 of the Pits of Slime
 25975 | Slime:5  | Noticed an acid blob
 25983 | Slime:5  | Noticed an acid blob
 25983 | Slime:5  | Noticed an acid blob
 25985 | Slime:5  | Noticed a rockslime
 25987 | Slime:5  | Killed an acid blob
 25988 | Slime:5  | Killed an acid blob
 25989 | Slime:5  | Killed an acid blob
 25998 | Slime:5  | Killed a rockslime
 25998 | Slime:5  | Noticed an acid blob
 26003 | Slime:5  | Killed an acid blob
 26019 | Slime:5  | Found a viscous altar of Jiyva.
 26043 | Slime:5  | Noticed the Royal Jelly
 26098 | Slime:5  | Noticed an azure jelly
 26098 | Slime:5  | Noticed a rockslime
 26098 | Slime:5  | Noticed an azure jelly
 26098 | Slime:5  | Noticed an azure jelly
 26099 | Slime:5  | Noticed an azure jelly
 26099 | Slime:5  | Noticed a rockslime
 26099 | Slime:5  | Noticed an acid blob
 26109 | Slime:5  | Noticed a rockslime
 26112 | Slime:5  | Noticed an acid blob
 26112 | Slime:5  | Noticed an azure jelly
 26113 | Slime:5  | Noticed an azure jelly
 26113 | Slime:5  | Noticed a rockslime
 26113 | Slime:5  | Noticed an azure jelly
 26115 | Slime:5  | Slain by a rockslime

Illustrated notes

Levels and vault maps discovered:
D:1:      wander_arrival_lonely_grave, layout_basic,
          shapermc_ecumenical_altar_totnotflames
D:2:      layout_basic, serial_shops, nicolae_shop_crystal, basic_altar,
          minmay_tetromino_s2, uniq_robin
D:3:      layout_rooms, good_gods_temple_1
D:4:      layout_rooms, hex_intersection
D:5:      layout_basic, cheibrodos_sewer_entry_sluice, uniq_duvessa
D:6:      layout_loops_ring, old_standard_altar, minmay_temple_entry_glass
D:7:      layout_layer_cave, gammafunk_ghost_split, minmay_bent
D:8:      layout_loops_ring, kennysheep_okawaru_gauntlet, serial_shops, shop,
          uniq_psyche
D:9:      layout_small_grid, minmay_misc_feat_roman, uniq_jeremiah
D:10:     layout_basic, nemelex_xobeh_ov_fountains_minmay,
          due_lair_maze_entry_diamond, serial_shops,
          nicolae_inconvenience_store, minmay_fractal_squares_diagonal_5,
          uniq_amaemon, uniq_erica
D:11:     layout_irregular_city, zombieorc1_lemuel,
          serial_library_hellmonk_secret_room
D:12:     layout_stronghold, gauntlet_entry_generic, hangedman_incinerator
Temple:   nicolae_temple_slightly_damp_pantheon
Lair:1:   layout_gridlike, ebering_ghost_disaster_area, pond
Lair:2:   layout_chaotic_city, elwin_shoals_entry_rooms,
          nicolae_snake_entry_warm_welcome, grunt_megastairs_2
Lair:3:   gammafunk_cloud_chamber, layout_loops_ring
Lair:4:   layout_layer_cave, minivault_19, grunt_forest_large_clearings,
          grunt_megastairs_1, infiniplex_staircase_pool, uniq_sonja
Lair:5:   wormcave, layout_regular_city, guppyfry_lair_end_dragon, slime_entry_1
Slime:1:  layout_caves
Slime:2:  layout_caves
Slime:3:  layout_caves, nicolae_slime_barrier
Slime:4:  layout_caves
Slime:5:  slime_pit_nicolae_amoeboid
Orc:1:    layout_diamond_mine, serial_shops, shop, basic_altar
Orc:2:    pf_orc_diabolical, layout_caves, uniq_snorg

Skill      XL: |  1  2  3  4  5  6  7  8  9 10 11 12 13 14 15 |
---------------+----------------------------------------------+-----
Fighting       | 1 2 3 4 5 6 8 10 | 10.0
Stealth        | 3 4 5 6 |  6.6
Dodging        | 3 4 5 6 |  6.1
Spellcasting   | 3 4 5 6 9 10 | 10.5
Summonings     | 5 6 7 9 10 | 10.5
Fire Magic     | 1 2 4 5 |  5.0
Air Magic      | 1 4 5 6 7 |  7.0
Necromancy     | 1 3 5 8 13 | 13.7
Short Blades   | 5 10 | 10.6
Long Blades    | 1 5 7 |  7.2
Armour         | 3 5 |  5.0
Translocations | 3 5 |  5.0

Action                     |  1- 3 |  4- 6 |  7- 9 | 10-12 | 13-15 | 16-18 || total
---------------------------+-------+-------+-------+-------+-------+-------++-------
  Melee: Unarmed           |     1 |       |       |       |       |       ||     1
         Dagger            |    57 |    99 |   163 |    16 |    45 |       ||   380
         Long sword        |       |       |       |   231 |    21 |       ||   252
         Scimitar          |       |       |       |       |   177 |     6 ||   183
         Staff             |       |       |       |       |    15 |       ||    15
   Cast: Summon Small Mamm |    25 |     9 |    17 |    13 |    14 |       ||    78
         Call Imp          |    12 |    12 |    14 |     9 |    13 |       ||    60
         Call Canine Famil |     5 |    11 |    17 |    13 |    17 |       ||    63
         Summon Blazeheart |       |     1 |    15 |    57 |    77 |     1 ||   151
         Summon Lightning  |       |       |     3 |    32 |    74 |     5 ||   114
         Animate Dead      |       |       |       |     5 |    43 |     1 ||    49
         Death Channel     |       |       |       |       |    13 |     3 ||    16
 Invoke: Receive Forbidden |       |       |       |       |     1 |       ||     1
         Unearth Wretches  |       |       |       |       |    18 |    10 ||    28
  Evoke: Wand              |       |       |     2 |     1 |     5 |       ||     8
    Use: Scroll            |     5 |     4 |     4 |     9 |    17 |     1 ||    40
         Potion            |       |       |     2 |     4 |     9 |       ||    15
   Stab: Sleeping          |     2 |     5 |     7 |     1 |     8 |       ||    23
         Distracted        |       |     1 |     3 |     3 |    10 |       ||    17
         Petrified         |       |       |       |       |     1 |       ||     1
         Invisible         |       |       |       |       |     4 |       ||     4
         Betrayed ally     |       |       |       |       |     1 |       ||     1
         Paralysed         |       |       |       |       |    11 |     5 ||    16
 Armour: Robe              |    52 |     3 |       |       |       |       ||    55
         Animal skin       |       |    43 |   130 |   193 |       |       ||   366
         Leather armour    |       |       |       |    33 |   311 |     5 ||   349
  Dodge: Dodged            |    46 |    83 |   225 |   386 |   368 |     2 ||  1110
  Block: Other             |       |    21 |       |       |       |       ||    21

Table legend: (Time is in decaauts)
 A = Elapsed time spent in this place.
 B = Non-inter-level travel time spent in this place.
 C = Inter-level travel time spent in this place.
 D = Time resting spent in this place.
 E = Time spent auto-exploring this place.
 F = Levels seen in this place.
 G = Mean time per level.
                   A        B        C        D        E       F      G
               +--------+--------+--------+--------+--------+-----+--------+
         Total |  26232 |  24426 |   1806 |   4034 |  12099 |  25 | 1049.3 |
       Dungeon |  14313 |  13266 |   1047 |   2294 |   7504 |  12 | 1192.8 |
        Temple |     40 |      2 |     38 |      0 |      0 |   1 |   40.0 |
          Lair |   8038 |   7517 |    521 |   1289 |   3969 |   5 | 1607.6 |
    Slime Pits |   2273 |   2211 |     62 |    334 |     71 |   5 |  454.6 |
  Orcish Mines |   1566 |   1430 |    136 |    117 |    555 |   2 |  783.0 |
               +--------+--------+--------+--------+--------+-----+--------+

Top non-repeatable levels by time:
  Lair:5: 2666 daAuts
     D:7: 2059 daAuts
  Lair:4: 1753 daAuts
    D:10: 1578 daAuts
  Lair:2: 1461 daAuts
     D:8: 1441 daAuts
     D:6: 1284 daAuts
    D:11: 1278 daAuts
     D:1: 1245 daAuts
     D:5: 1157 daAuts
  Lair:3: 1097 daAuts
  Lair:1: 1059 daAuts
    D:12: 1006 daAuts
     D:9: 991 daAuts
     D:4: 830 daAuts
